 Dungeon Crawl Stone Soup version 0.18.1-48-g4cf74bf (webtiles) character file.

389 Gargoyl the Covered (level 6, -1/48 HPs)
             Began as a Demonspawn Abyssal Knight on July 29, 2016.
             Was a Believer of Lugonu.
             Slain by a decayed bog body (9 damage)
             ... in an ossuary.
             The game lasted 00:06:19 (3485 turns).

Gargoyl the Covered (Demonspawn Abyssal Knight)     Turns: 3485, Time: 00:06:20

Health: -1/48      AC: 10    Str: 14    XL:     6   Next: 50%
Magic:  0/7        EV: 10    Int: 14    God:    Lugonu [**....]
Gold:   91         SH:  0    Dex: 12    Spells: 0 memorised, 5 levels left

rFire  . . .     SeeInvis .     p - +1 war axe
rCold  . . .     Gourm    .     g - +0 scale mail
rNeg   . . .     Faith    .     (no shield)
rPois  .         Spirit   +     (no helmet)
rElec  .         Dismiss  .     m - +0 cloak
rCorr  .         Reflect  .     (no gloves)
SustAt .         Harm     .     (no boots)
MR     .....                    (no amulet)
Stlth  ..........               (no ring)
                                (no ring)

@: exhausted, flying, slowed, very slow, not resistant to hostile enchantments,
extremely unstealthy
A: slimy green scales 1, foul stench 1, magic shield, magic regeneration, rot
immunity
a: Depart the Abyss, Bend Space, Renounce Religion


You were in an ossuary.
You worshipped Lugonu.
Lugonu was pleased with you.
You were near starving.

You visited 1 branch of the dungeon, and saw 4 of its levels.
You visited the Abyss 1 time.
You also visited: Ossuary.

You collected 91 gold pieces.

Inventory:

Hand Weapons
 p - a +1 war axe (weapon)
Armour
 g - a +0 scale mail (worn)
 m - a +0 cloak (worn)
Wands
 s - a wand of acid (5/15)
 u - a wand of heal wounds (1/9)
Scrolls
 a - a scroll of fear {unknown}
 d - a scroll of magic mapping
 e - 2 scrolls of identify {unknown}
 j - a scroll of enchant weapon
 r - a scroll of teleportation {unknown}
 t - a scroll of noise {unknown}
 v - a scroll of random uselessness {unknown}
Potions
 i - a potion of cure mutation
 k - a potion of flight
 l - a potion of ambrosia
 n - a potion of curing
 q - a potion of resistance {unknown}
Comestibles
 b - 3 meat rations
 c - 2 bread rations
 o - a royal jelly


   Skills:
 + Level 3.7 Fighting
 + Level 3.1 Axes
 * Level 4.7 Armour
 + Level 2.4 Dodging
 + Level 0.2 Stealth
 + Level 2.5 Invocations


You had 5 spell levels left.
You didn't know any spells.

Dungeon Overview and Level Annotations

Branches:
Dungeon (4/15)
 Temple: D:4-7

Altars:


Innate Abilities, Weirdness & Mutations

You are partially covered in slimy green scales (AC +2).
You may emit foul miasma when damaged in melee.
When hurt, damage is shared between your health and your magic reserves.
You regenerate magic rapidly.
You are immune to rotting.


Message History

Unknown command.
The giant frog zombie hits you but does no damage.
The decayed bog body gestures at you while chanting.
The puff of frost misses you.
There is an empty arch of ancient stone here.
Unknown command.
You feel a strong urge to attack something.
You feel less invigorated.
You feel less confused.
You are no longer berserk.
You are exhausted.
You feel as though you will be slow longer.
You are feeling very hungry.
You are near starving!
The giant frog zombie hits you.
* * * LOW HITPOINT WARNING * * *
You slash the giant frog zombie! You hit the decayed bog body.
The decayed bog body is almost destroyed.
The giant frog zombie hits you.
* * * LOW HITPOINT WARNING * * *
The decayed bog body hits you!
You die...

#≈≈.##
+≈≈#≈
#≈≈.#
#n≈≈
+≈.
#####.#
#∩..#≈+
#.n.≈.#
#@Z.#≈+
#####.#
..'
#'##
#.# ###


You could see a decayed bog body and a giant frog zombie.

Vanquished Creatures
  A centaur (D:3)
  The ghost of humperndinck the Insei, an amateur OpTm (D:3)
  An orc priest (D:3)
  Natasha (thrice) (D:3)
  A mummy (Ossuary)
  5 adders
  A worm (D:3)
  3 dart slugs
  2 giant geckos (D:3)
  7 orcs (D:3)
  3 bats
  5 giant cockroaches
  8 goblins
  6 hobgoblins
  5 giant newts
  A jackal zombie (D:4)
  13 kobolds
  7 rats
73 creatures vanquished.

Notes
Turn   | Place    | Note
--------------------------------------------------------------
     0 | Abyss:1  | Gargoyl the Demonspawn Abyssal Knight began the quest for the Orb.
     0 | Abyss:1  | Reached XP level 1. HP: 18/18 MP: 2/2
   121 | Abyss:1  | Noticed a small abomination
   134 | D:1      | Escaped the Abyss
   391 | D:1      | Reached skill level 2 in Armour
   592 | D:1      | Gained mutation: You are immune to rotting. [demonic ancestry]
   592 | D:1      | Reached XP level 2. HP: 10/24 MP: 3/3
   751 | D:1      | Reached * piety under Lugonu
  1157 | D:1      | Reached skill level 1 in Dodging
  1187 | D:1      | You fall through a shaft!
  1275 | D:2      | Gained mutation: You may emit foul miasma when damaged in melee. [demonic ancestry]
  1275 | D:2      | Reached XP level 3. HP: 27/29 MP: 4/4
  1651 | D:2      | Reached skill level 3 in Armour
  1988 | D:3      | Gained mutation: When hurt, damage is shared between your health and your magic reserves. [demonic ancestry]
  1988 | D:3      | Reached XP level 4. HP: 5/35 MP: 5/5
  2227 | D:3      | Reached ** piety under Lugonu
  2471 | D:3      | Noticed humperndinck's ghost (amateur OpTm)
  2485 | D:3      | Killed humperndinck's ghost
  2485 | D:3      | Gained mutation: You are partially covered in slimy green scales (AC +2). [demonic ancestry]
  2485 | D:3      | Reached XP level 5. HP: 25/41 MP: 1/6
  2567 | D:3      | Reached skill level 4 in Armour
  2807 | D:3      | Noticed a centaur
  2815 | D:3      | Killed a centaur
  2815 | D:3      | Gained mutation: You regenerate magic rapidly. [demonic ancestry]
  2815 | D:3      | Reached XP level 6. HP: 35/47 MP: 5/7
  2822 | D:3      | Noticed Natasha
  2830 | D:3      | Killed Natasha
  2920 | D:3      | Noticed Natasha
  2930 | D:3      | Killed Natasha
  2963 | D:3      | Noticed Natasha
  2967 | D:3      | Killed Natasha
  3412 | D:4      | Found a sand-covered staircase.
  3431 | Ossuary  | Entered an ossuary
  3476 | Ossuary  | HP: 2/48 [decayed bog body (7)]
  3485 | Ossuary  | Slain by a decayed bog body

Skill      XL: |  1  2  3  4  5 |
---------------+----------------+-----
Armour         | 2 3 4 |  4.7
Dodging        | 1 2 |  2.4
Axes           | 2 3 |  3.1
Fighting       | |  3.7
Stealth        | |  0.2
Invocations    | |  2.5

Action                   |  1- 3 |  4- 6 || total
-------------------------+-------+-------++-------
Melee: Hand axe          |   129 |    12 ||   141
       War axe           |       |   137 ||   137
Invok: Depart the Abyss  |     1 |       ||     1
  Use: Potion            |       |     7 ||     7
       Scroll            |       |     2 ||     2
  Eat: Chunk             |     3 |     5 ||     8
Armor: Scale mail        |    67 |    88 ||   155
Dodge: Dodged            |    57 |   103 ||   160
